 Dungeon Crawl Stone Soup version 0.30-a0-241-g1121274140 (webtiles) character file.

Game seed: 2479168423588665850

229 GreatBamboolord the Sneak (level 6, -1/37 HPs)
             Began as a Kobold Brigand on Oct 11, 2022.
             Slain by a gnoll
             ... wielding a +1 vorpal spear
             ... led by a gnoll bouda
              (2 damage)
             ... on level 5 of the Dungeon.
             The game lasted 00:06:45 (2453 turns).

GreatBamboolord the Sneak (Kobold Brigand)          Turns: 2453, Time: 00:06:46

Health: -1/37      AC:  3    Str:  8    XL:     6   Next: 23%
Magic:  6/6        EV: 15    Int: 18    God:
Gold:   171        SH:  0    Dex: 19    Spells: 5/5 levels left

rFire   . . .      SeeInvis .    a - +3 dagger
rCold   . . .      Faith    .    (no shield)
rNeg    . . .      Spirit   .    b - +0 robe
rPois   .          Reflect  .    (no helmet)
rElec   .          Harm     .    c - +0 cloak
rCorr   .          Rampage  .    (no gloves)
Will    .....                    (no boots)
Stlth   +++++.....               (no amulet)
HPRegen 0.26/turn                r - +6 ring of intelligence
MPRegen 0.10/turn                (no ring)

@: weakened
A: small, no large weapons, nightstalker 3
a: no special abilities


You were on level 5 of the Dungeon.
You visited 1 branch of the dungeon, and saw 5 of its levels.

You collected 171 gold pieces.

Inventory:

Hand Weapons
 a - a +3 dagger (weapon)
Missiles
 d - 15 poisoned darts (quivered)
 e - 2 curare-tipped darts
Armour
 b - a +0 robe (worn)
 c - a +0 cloak (worn)
 g - a scarf of repulsion
Jewellery
 r - a +6 ring of intelligence (left hand)
Scrolls
 f - a scroll of teleportation {unknown}
 i - a scroll of enchant armour {unknown}
 j - a scroll of fog {unknown}
 o - a scroll of amnesia {unknown}
 p - a scroll of magic mapping {unknown}
 q - a scroll of torment {unknown}
 s - a scroll of poison
Potions
 h - a potion of might {unknown}
 k - a potion of berserk rage {unknown}
 l - a potion of heal wounds {unknown}
 m - 2 potions of curing
 n - a potion of lignification {unknown}


   Skills:
 * Level 3.1 Fighting
 * Level 4.1 Short Blades
 * Level 3.6 Throwing
 * Level 2.8 Dodging
 + Level 7.0 Stealth


You had 5 spell levels left.
You didn't know any spells.
Your spell library was empty.

Dungeon Overview and Level Annotations

Branches:
Dungeon (6/15)
 Temple: D:4-7

Altars:
Vehumet


Innate Abilities, Weirdness & Mutations

You are small and have problems with some larger weapons.
You are completely attuned to the shadows.


Message History

You hit the gnoll.
You kill the gnoll!
A gnoll bouda and a gnoll come into view.
The gnoll shouts!
The gnoll bouda shouts!
You hear a shout!
You see here a +0 spear. 3 gnolls come into view.
A gnoll is wielding a +1 vorpal spear.
The gnoll shouts!
The gnoll bouda closely misses you.
The gnoll bouda attacks as you move away!
The gnoll bouda hits you with a +0 whip.
You see here a +0 spear.
The gnoll bouda attacks as you move away!
The gnoll bouda hits you with a +0 whip.
The gnoll bouda barks out a call to the hunt!
You hear an angry hiss.
Found a scroll labelled GAIS QYMIQYA.
Okay, then.
An adder comes into view.
The iguana bites you.
* * * LOW HITPOINT WARNING * * *
The adder bites you.
* * * LOW HITPOINT WARNING * * *
The iguana barely misses you. The adder misses you.
The gnoll hits you from afar with a +0 spear.
* * * LOW HITPOINT WARNING * * *
You feel better.
The gnoll bouda gazes fiercely through you!
You feel your attacks grow feeble. The gnoll bouda closely misses you.
The iguana misses you. The adder barely misses you.
The gnoll hits you from afar with a +0 spear.
* * * LOW HITPOINT WARNING * * *
The gnoll attacks as you move away! The gnoll closely misses you.
Found a stone staircase leading up.
The gnoll bouda barks out a call to the hunt!
The gnoll picks up the pace!
The adder closely misses you.
The gnoll hits you from afar with a +1 vorpal spear!
* * * LOW HITPOINT WARNING * * *
You die...

## ....## ##. <.....####
###### ##..
.................# #.>.
...................# #...
.......gS@..........###...
.......gl..### #..#.....[.
?.......gg.# ###..........
.......[..........###.#...
..#......######..###.##..
##.....#........##.###.
g####)..............#.# ##
ggg..............#..#.#
.##########......#.S...


You could see a gnoll bouda, an iguana, 3 gnolls and an adder.

Vanquished Creatures
  Edmund (D:5)
  4 gnolls
  2 adders
  2 worms
  2 dart slugs (D:1)
  An orc (D:3)
  4 ball pythons
  6 bats
  5 endoplasms
  2 giant cockroaches
  6 goblins
  5 hobgoblins
  A quokka (D:3)
  A frilled lizard (D:2)
  6 kobolds
  3 rats
51 creatures vanquished.

Notes
Turn   | Place    | Note
-------+----------+-------------------------------------------
     0 | D:1      | GreatBamboolord the Kobold Brigand began the quest for the
                  | Orb.
     0 | D:1      | Reached XP level 1. HP: 12/12 MP: 1/1
   473 | D:1      | Reached XP level 2. HP: 17/17 MP: 2/2
  1007 | D:2      | Reached XP level 3. HP: 22/22 MP: 3/3
  1081 | D:2      | Reached skill level 6 in Stealth
  1290 | D:2      | Reached XP level 4. HP: 9/27 MP: 4/4
  1810 | D:3      | Found a radiant altar of Vehumet.
  2165 | D:3      | You fall into a shaft and drop 3 floors!
  2194 | D:6      | Noticed a phantom
  2243 | D:6      | Reached XP level 5. HP: 31/31 MP: 5/5
  2267 | D:5      | Entered Level 5 of the Dungeon
  2306 | D:5      | Noticed Edmund
  2329 | D:5      | Killed Edmund
  2330 | D:5      | Reached skill level 7 in Stealth
  2330 | D:5      | Reached XP level 6. HP: 37/37 MP: 6/6
  2453 | D:5      | HP: 1/37 [gnoll/+1 vorpal spear[a gnoll bouda] (7)]
  2453 | D:5      | Slain by a gnoll

Illustrated notes

Levels and vault maps discovered:
D:1:      mushboom_english_gardens, layout_basic
D:2:      layout_loops_ring
D:3:      layout_rooms, nicolae_vehumet_altar_sigil, uniq_jessica
D:5:      layout_rooms, mainiacjoe_overflow_surrounded_room, uniq_edmund,
          uniq_sigmund
D:6:      layout_basic

Skill      XL: |  1  2  3  4  5 |
---------------+----------------+-----
Short Blades   | 3 4 |  4.1
Stealth        | 6 7 |  7.0
Dodging        | 2 |  2.8
Fighting       | 3 |  3.1
Throwing       | 3 |  3.6

Action                   |  1- 3 |  4- 6 || total
-------------------------+-------+-------++-------
Melee: Dagger            |    59 |    39 ||    98
Throw: Dart              |    14 |    20 ||    34
  Use: Potion            |     2 |     1 ||     3
       Scroll            |       |     2 ||     2
 Stab: Sleeping          |    11 |    13 ||    24
       Distracted        |       |     1 ||     1
Armor: Robe              |    13 |     6 ||    19
Dodge: Dodged            |    48 |    18 ||    66

Table legend: (Time is in decaauts)
 A = Elapsed time spent in this place.
 B = Non-inter-level travel time spent in this place.
 C = Inter-level travel time spent in this place.
 D = Time resting spent in this place.
 E = Time spent auto-exploring this place.
 F = Levels seen in this place.
 G = Mean time per level.
                   A        B        C        D        E       F      G
               +--------+--------+--------+--------+--------+-----+--------+
         Total |   2431 |   2376 |     55 |    115 |   1636 |   5 |  486.2 |
       Dungeon |   2431 |   2376 |     55 |    115 |   1636 |   5 |  486.2 |
               +--------+--------+--------+--------+--------+-----+--------+

Top non-repeatable levels by time:
     D:1: 921 daAuts
     D:2: 867 daAuts
     D:3: 357 daAuts
     D:5: 183 daAuts
     D:6: 101 daAuts
